 Dungeon Crawl Stone Soup version 0.24.0-13-gcf9b319 (webtiles) character file.

Game seed: 4658362723308800158, levelgen mode: deterministic

361 Fang the Skirmisher (level 6, 0/60 HPs)
             Began as a Gargoyle Berserker on Nov 19, 2019.
             Was a Priest of Trog.
             Slain by a bullfrog (3 damage)
             ... in a sewer.
             The game lasted 00:03:42 (2497 turns).

Fang the Skirmisher (Gargoyle Berserker)            Turns: 2497, Time: 00:03:43

Health: 0/60       AC:  6    Str: 28    XL:     6   Next: 66%
Magic:  0/6        EV: 13    Int:  7    God:    Trog [***...]
Gold:   139        SH:  0    Dex:  9    Spells: 5/5 levels left

rFire    . . .     SeeInvis .   a - +0 hand axe
rCold    . . .     Gourm    .   (no shield)
rNeg     + . .     Faith    .   b - +0 animal skin
rPois    ∞         Spirit   +   (no helmet)
rElec    +         Reflect  .   (no cloak)
rCorr    .         Harm     .   (no gloves)
MR       .....                  (no boots)
Stlth    ..........             g - amulet of guardian spirit
HPRegen  0.20/turn              (no ring)
MPRegen  0.10/turn              (no ring)

@: berserking (expiring), quick
A: negative energy resistance 1, electricity resistance, unbreathing,
petrification resistance, rot immunity, AC +4
a: Berserk, Trog's Hand, Renounce Religion


You were in a sewer.
You worshipped Trog.
Trog was most pleased with you.
You were very hungry.

You visited 1 branch of the dungeon, and saw 3 of its levels.
You also visited: Sewer.

You collected 139 gold pieces.

Inventory:

Hand Weapons
 a - a +0 hand axe (weapon)
Armour
 b - a +0 animal skin (worn)
Jewellery
 g - an amulet of guardian spirit (around neck)
 i - an uncursed amulet of the acrobat {unknown}
Scrolls
 d - 2 scrolls of immolation {unknown}
 e - 3 scrolls of identify {unknown}
 f - 5 scrolls of remove curse {unknown}
 j - 3 scrolls of enchant armour {unknown}
 l - 3 scrolls of teleportation {unknown}
 m - a scroll of noise {unknown}
Potions
 h - a potion of curing {unknown}
 k - 2 potions of lignification {unknown}
 n - a potion of ambrosia {unknown}
 p - 3 potions of flight {unknown}
 q - a potion of invisibility {unknown}
Comestibles
 c - 2 rations
 o - 12 chunks of flesh


   Skills:
 + Level 4.9 Fighting
 + Level 4.0 Axes
 + Level 4.1 Armour
 + Level 3.1 Dodging


You had 5 spell levels left.
You didn't know any spells.
Your spell library was empty.

Dungeon Overview and Level Annotations

Branches:
Dungeon (3/15)              Sewer (1/1)

Altars:
The Shining One


Innate Abilities, Weirdness & Mutations

You are resistant to torment.
Your stone body is resilient. (AC +4)
You are immune to poison.
You resist negative energy. (rN+)
You are resistant to electric shocks. (rElec)
You can survive without breathing.
You are immune to petrification.
You are immune to rotting.


Message History

Trog accepts your kill.
You slash the ball python!
You kill the ball python!
Trog accepts your kill. The bullfrog closely misses you.
The adder bites you but does no damage.
Your unstable footing causes you to fumble your attack.
The bullfrog misses you. The adder misses you.
The bullfrog hits you but does no damage.
Your unstable footing causes you to fumble your attack.
The adder bites you but does no damage. The bullfrog hits you.
* * * LOW HITPOINT WARNING * * *
You closely miss the bullfrog.
The bullfrog is almost dead.
You miss the adder. The bullfrog hits you.
* * * LOW HITPOINT WARNING * * *
The adder bites you but does no damage.
You closely miss the bullfrog.
The bullfrog is almost dead.
You closely miss the adder. The bullfrog hits you.
You die...

##≈≈≈≈.#####≈≈≈.≈#
#≈≈≈≈###≈≈≈###≈≈≈#
#.≈.##≈.≈≈.≈≈##≈≈##
##÷≈##≈≈≈≈≈≈≈≈≈##≈≈##
#≈≈≈#≈.≈.≈≈.≈≈≈≈≈≈≈.#
#.≈##≈≈≈#######≈≈≈≈≈#
##≈≈#≈≈÷##≈≈.≈≈###≈#######
#≈÷≈#≈.##≈≈≈.≈†F≈###≈≈.≈≈#
#≈.##≈≈#≈≈≈.≈≈†@≈..#.≈≈.≈#
#≈≈#≈.##≈≈..≈.S##..#≈.≈≈≈#
#≈≈#.÷# ≈.$%$≈≈ #.≈#≈.#≈.#
#≈.#≈≈# ≈.(?≈.. #≈≈#≈≈#≈÷#
#≈.#≈.# ≈≈..≈≈≈ #≈≈##≈#≈≈#
#≈≈#≈≈# ≈≈.≈≈.≈ #≈≈≈#.#÷.#
#.≈#≈≈# ≈≈≈≈.≈≈ #≈≈∩#≈#≈≈#
#≈≈#≈≈##≈≈≈≈≈≈≈##≈≈.#≈#.≈#
#≈.##≈≈# #≈.###≈#÷≈#


You could see a bullfrog and an adder.

Vanquished Creatures
  A bullfrog (Sewer)
  An orc priest (D:3)
  Ijyb (D:3)
  An orc wizard (D:3)
  A gnoll (D:1)
  5 adders
  11 oozes
  3 worms
  3 dart slugs
  9 leopard geckos
  3 orcs (D:3)
  13 giant cockroaches
  2 goblins
  3 hobgoblins
  7 kobolds
  2 quokkas
  12 ball pythons
  4 bats (D:1)
  14 frilled lizards
  5 rats
101 creatures vanquished.

Notes
Turn   | Place    | Note
-------+----------+-------------------------------------------
     0 | D:1      | Fang the Gargoyle Berserker began the quest for the Orb.
     0 | D:1      | Reached XP level 1. HP: 14/14 MP: 1/1
    43 | D:1      | Reached XP level 2. HP: 10/19 MP: 2/2
   367 | D:1      | Reached XP level 3. HP: 18/23 MP: 3/3
  1044 | D:2      | Found a glowing golden altar of the Shining One.
  1093 | D:2      | Reached ** piety under Trog
  1187 | D:2      | Reached XP level 4. HP: 22/29 MP: 2/4
  1600 | D:3      | Reached XP level 5. HP: 23/33 MP: 1/5
  1925 | D:3      | Noticed Ijyb
  1981 | D:3      | Killed Ijyb
  2022 | D:3      | Found a glowing drain.
  2057 | Sewer    | Entered a sewer
  2151 | Sewer    | Reached *** piety under Trog
  2184 | Sewer    | Reached XP level 6. HP: 24/39 MP: 6/6
  2496 | Sewer    | HP: 3/60 [bullfrog (1)]
  2497 | Sewer    | Slain by a bullfrog

Levels and vault maps discovered:
D:1:      tarquinn_simple_flora_water_b, layout_basic
D:2:      layout_loops_ring, old_standard_altar
D:3:      layout_basic, elyvilon_altar_3, cheibrodos_sewer_entry_drain,
          hangedman_decor_opposing, uniq_ijyb, uniq_natasha
Sewer:    sewer_frog_island_02

Skill      XL: |  1  2  3  4  5  6 |
---------------+-------------------+-----
Dodging        | 2 3 |  3.1
Axes           | 3 4 |  4.0
Armour         | 3 4 |  4.1
Fighting       | 4 |  4.9

Action                   |  1- 3 |  4- 6 || total
-------------------------+-------+-------++-------
Melee: Hand axe          |    84 |   282 ||   366
Invok: Berserk           |     1 |     3 ||     4
  Eat: Chunk             |     2 |     6 ||     8
Armor: Animal skin       |    40 |   138 ||   178
Dodge: Dodged            |    78 |   256 ||   334
